AoeStats
← danilevanchd

Arena

508488647Analyzed
2v2 RM · 10d ago on Sep 22, 2026· 28m 3s· 4 players
Game mode
Random Map
Map size
Medium (4 player)
Population
200
Speed
Normal
Resources
Standard
Victory
Conquest
Starting age
Dark Age
Ending age
Imperial Age
RankedLock teamsTeams togetherTeam positionsShared explorationLock speedFull tech treeHidden civsTurbo modeCheats
Victory
Defeat
🇹🇷 Goths · Türkiye
1036
+14
🇹🇷 Cumans · Türkiye
963
+17
🇸🇪 Random · Sweden
990
-16
🇸🇪 Random · Sweden
988
-15
Levanch
1:24 Loom
10:23 Feudal Age
15:58 Castle Age
14:47 Double-Bit Axe
16:07 Horse Collar
danilevanchd
6:52 Loom
9:05 Feudal Age
14:11 Castle Age
12:39 Double-Bit Axe
12:49 Horse Collar
Furkan
7:47 Loom
10:31 Feudal Age
15:36 Castle Age
15:54 Capped Ram
23:13 Double-Bit Axe
siyah1903beyaz80
9:43 Feudal Age
10:16 Double-Bit Axe
12:21 Man-at-Arms
13:35 Forging
14:29 Scale Mail Armor
24:37 Castle Age
23:41 Horse Collar
23:53 Gold Mining
25:06 Pikeman
25:10 Long Swordsman
27:46 Bow Saw
Connection lost

Rejoining the realm…

Still unreachable

The connection could not be restored.

Session expired

The server has moved on; the page needs a fresh start.